 Dungeon Crawl Stone Soup version 0.27.1-4-g1640c2035a (webtiles) character file.

Game seed: 455201684401912846

103 zeram the Grave Robber (level 4, -2/41 HPs)
             Began as an Ogre Necromancer on Nov 16, 2021.
             Slain by an ogre (26 damage)
             ... on level 6 of the Dungeon.
             The game lasted 00:06:15 (3626 turns).

zeram the Grave Robber (Ogre Necromancer)           Turns: 3626, Time: 00:06:16

Health: -2/41      AC:  3    Str: 12    XL:     4   Next: 79%
Magic:  6/10       EV: 10    Int: 17    God:
Gold:   52         SH:  0    Dex:  9    Spells: 7/11 levels left

rFire    . . .     SeeInvis .   c - +0 mace
rCold    . . .     Faith    .   (no shield)
rNeg     . . .     Spirit   .   a - +0 robe
rPois    .         Reflect  .   (helmet restricted)
rElec    .         Harm     .   (no cloak)
rCorr    .         Rampage  .   (gloves unavailable)
Will     .....                  (boots unavailable)
Stlth    +.........             (no amulet)
HPRegen  0.13/turn              (no ring)
MPRegen  0.12/turn              (no ring)

@: brilliant
A: large, unfitting armour, tough skin 1
a: no special abilities


You were on level 6 of the Dungeon.
You visited 1 branch of the dungeon, and saw 4 of its levels.

You collected 52 gold pieces.

Inventory:

Hand Weapons
 c - a +0 mace (weapon)
Missiles
 b - 95 stones
Armour
 a - a +0 robe (worn)
Jewellery
 n - an amulet of guardian spirit
Scrolls
 e - 2 scrolls of noise
 m - 2 scrolls of amnesia
Potions
 d - a potion of brilliance
 f - a potion of degeneration {unknown}
 h - 2 potions of mutation {unknown}
 i - a potion of lignification {unknown}
 j - a potion of cancellation {unknown}
 k - 3 potions of resistance {unknown}


   Skills:
 + Level 1.3 Fighting
 + Level 2.4 Dodging
 - Level 1.4 Stealth
 + Level 4.1 Spellcasting
 - Level 4.1 Necromancy


You had 7 spell levels left.
You knew the following spells:

 Your Spells              Type           Power      Damage    Failure   Level
a - Pain                  Necr           100%       1d9       3%          1
b - Vampiric Draining     Necr           13%        2d7       9%          3

Your spell library contained the following spells:

 Spells                   Type           Power      Damage    Failure   Level
 Animate Skeleton         Necr           52%        N/A       3%          1
 Slow                     Hex            5%         N/A       24%         2
 Animate Dead             Necr           13%        N/A       28%         4
 Confusing Touch          Hex            5%         N/A       43%         3
 Agony                    Necr           26%        N/A       63%         5
 Yara's Violent Unravell  Hex/Tmut       2%         3d3       99%         5


Dungeon Overview and Level Annotations

Branches:
Dungeon (3/15)

Altars:

Shops:
D:3 *:


Innate Abilities, Weirdness & Mutations

You are too large for most types of armour.
You have tough skin. (AC +1)


Message History

Aiming: Vampiric Draining (dangerous; 9% risk of failure)
Press: ? - help, Shift-Dir - straight line, f/p - iguana
Aim: an iguana (heavily wounded)
You draw life force from the iguana!
You kill the iguana!
You feel life coursing into your body.
Your Spellcasting skill increases to level 4!
You start resting.
Magic restored.
You start resting.
HP restored.
An ogre comes into view. It is wielding a +0 giant spiked club.
The ogre shouts!
A bullfrog comes into view.
The bullfrog croaks.
Casting: Vampiric Draining (dangerous; 9% risk of failure)
Confirm with . or Enter, or press ? or * to list all spells.
Aiming: Pain (safe; 3% risk of failure)
Press: ? - help, Shift-Dir - straight line, f - ogre
Aim: an ogre, wielding a +0 giant spiked club (chance to affect: 76%)
The ogre barely resists.
It was a potion of brilliance.
You feel clever all of a sudden.
Casting: Pain (safe; 3% risk of failure)
Confirm with . or Enter, or press ? or * to list all spells.
Aiming: Pain (safe; 3% risk of failure)
Press: ? - help, Shift-Dir - straight line, f/p - ogre
Aim: an ogre, wielding a +0 giant spiked club (chance to affect: 84%)
You feel a surge of power!
The ogre writhes in agony!
The ogre hits you with a +0 giant spiked club!!
Casting: Pain (safe; 3% risk of failure)
Confirm with . or Enter, or press ? or * to list all spells.
Aiming: Vampiric Draining (dangerous; 9% risk of failure)
Press: ? - help, Shift-Dir - straight line, f/p - ogre
Aim: an ogre, wielding a +0 giant spiked club (moderately wounded)
You feel a surge of power!
You draw life force from the ogre!
You feel life coursing into your body.
The ogre hits you with a +0 giant spiked club!!
Ouch! That really hurt!
You die...

# #.########
.........##
#..PPPP...#
..........####
#..........#
#.########.#
#.#####
#..@OF#
#####.# #.#
#.# #.# #.#
..# #.# ..#


You could see an ogre and a bullfrog.

Vanquished Creatures
  An iguana (D:6)
  2 adders (D:2)
  2 worms (D:3)
  2 dart slugs
  An orc (D:3)
  A bat (D:1)
  2 endoplasms (D:1)
  A giant cockroach (D:1)
  4 hobgoblins
  A jackal (D:3)
  6 kobolds
  3 quokkas
  2 ball pythons (D:1)
  4 frilled lizards
  7 goblins
  9 rats
48 creatures vanquished.

Notes
Turn   | Place    | Note
-------+----------+-------------------------------------------
     0 | D:1      | zeram the Ogre Necromancer began the quest for the Orb.
     0 | D:1      | Reached XP level 1. HP: 16/16 MP: 3/3
   502 | D:1      | Reached XP level 2. HP: 21/24 MP: 2/5
   997 | D:1      | Found a faded altar of an unknown god.
  1530 | D:1      | Reached XP level 3. HP: 31/32 MP: 5/7
  1542 | D:1      | Learned a level 3 spell: Vampiric Draining
  2480 | D:2      | Reached XP level 4. HP: 19/40 MP: 4/9
  2933 | D:3      | Reached skill level 1 in Fighting
  3183 | D:3      | Found Neiter's Book Shoppe.
  3278 | D:3      | Found Cutasodd's General Store.
  3395 | D:3      | You fall into a shaft and drop 3 floors!
  3619 | D:6      | Noticed an ogre
  3619 | D:6      | Noticed a bullfrog
  3626 | D:6      | Slain by an ogre

Illustrated notes

Levels and vault maps discovered:
D:1:      dpeg_arrival_morbid_curiosity, layout_basic,
          ebering_ecumenical_altar_hall
D:2:      layout_basic, minmay_misc_feat_four_crosses
D:3:      layout_loops_ring, serial_shops, nicolae_diamond_shop,
          nicolae_shop_temple_entry_statues_fountains, nicolae_lakefront_shop
D:6:      layout_loops_cross, mainiacjoe_overflow_boulevard, bloody_trog,
          uniq_prince_ribbit1

Skill      XL: |  1  2  3  4 |
---------------+-------------+-----
Necromancy     | 4 |  4.1
Dodging        | 2 |  2.4
Spellcasting   | 3 4 |  4.1
Fighting       | 1 |  1.3
Stealth        | |  1.4

Action                   |  1- 3 |  4- 6 || total
-------------------------+-------+-------++-------
Melee: Unarmed           |     7 |       ||     7
       Mace              |    52 |    36 ||    88
 Cast: Pain              |    42 |    13 ||    55
       Vampiric Draining |     1 |     4 ||     5
  Use: Scroll            |     4 |     4 ||     8
       Potion            |       |     1 ||     1
 Stab: Sleeping          |     1 |     2 ||     3
Armor: Robe              |    29 |     7 ||    36
Dodge: Dodged            |    47 |    18 ||    65
